[Event "Titled Tuesday Blitz April 25 Early 2023"]
[White "Osinenko, Anton"]
[Black "Fressinet, Laurent"]
[WhiteFideId "4158970"]
[BlackFideId "608742"]
[WhiteElo "2294"]
[BlackElo "2633"]
[Result "0-1"]
[Round "03"]
[TimeControl "180+2"]
[Date "2023.04.25"]
[WhiteClock "0:00:24"]
[BlackClock "0:00:33"]

1. e4 e5 2. Nf3 Nc6 3. c3 Nf6 4. d4 Nxe4 5. d5 Ne7 6. Nxe5 Ng6 7. Qe2 Qe7 8. Nxg6 hxg6 9. Bf4 d6 10. Nd2 Nf6 11. c4 Bd7 12. O-O-O O-O-O 13. f3 Nh5 14. Qxe7 Bxe7 15. Be3 Ng3 16. Rg1 Nf5 17. Bxa7 Rxh2 18. g4 Nh4 19. Bd4 Bg5 20. Rg3 Re8 21. Kc2 Bf4 22. Rh3 Rxh3 23. Bxh3 Re2 24. Bxg7 Nxf3 25. Bc3 Rh2 26. Rf1 Nxd2 27. Rxf4 Ne4+ 28. Kb3 Nxc3 29. Bf1 Nd1 30. Rxf7 Rxb2+ 31. Ka3 Rf2 32. Rg7 Bxg4 33. Rxg6 Rxf1 34. Rxg4 Ne3 35. Re4 Nf5 36. Kb3 b6 37. Rg4 Kb7 38. a3 Rf3+ 39. Kb4 Ne3 0-1


[Site "https://www.chess.com"]

[Event "Titled Tuesday Blitz April 25 Early 2023"]
[White "Indjic, Aleksandar"]
[Black "Moksh Amit Doshi"]
[WhiteFideId "911925"]
[BlackFideId "25064967"]
[WhiteElo "2614"]
[BlackElo "2297"]
[Result "1-0"]
[Round "03"]
[TimeControl "180+2"]
[Date "2023.04.25"]
[WhiteClock "0:00:24"]
[BlackClock "0:00:02"]

1. e4 e5 2. Nf3 Nc6 3. Nc3 Nf6 4. d4 exd4 5. Nxd4 Bb4 6. Nxc6 bxc6 7. Bd3 d5 8. exd5 O-O 9. O-O cxd5 10. h3 c6 11. Qf3 Re8 12. Bf4 Bd6 13. Ne2 Rb8 14. b3 Rb4 15. c4 Bxf4 16. Nxf4 h6 17. Rfe1 Rb8 18. Rxe8+ Qxe8 19. cxd5 Qe5 20. Rc1 cxd5 21. Qe3 Qd6 22. Ne2 a5 23. Nd4 Bd7 24. Qd2 a4 25. bxa4 Bxa4 26. Rb1 Rxb1+ 27. Bxb1 Qc5 28. Bd3 Bd7 29. Qe3 Kf8 30. Nc2 Qxe3 31. Nxe3 Ke7 32. g4 Kd6 33. f4 Kc5 34. Nc2 g5 35. fxg5 hxg5 36. Kf2 d4 37. Ne1 Nd5 38. Nf3 f6 39. Nd2 Kd6 40. Kg3 Be6 41. a4 Nb4 42. Bb1 Nc6 43. h4 gxh4+ 44. Kxh4 Ke5 45. Kg3 Bd5 46. Nf3+ Kd6 47. Kf4 Kc5 48. Be4 Bxe4 49. Kxe4 Kc4 50. Kf5 d3 51. Kxf6 Kc3 52. Ng5 Kd4 53. Ne6+ Ke3 54. g5 d2 55. g6 d1=Q 56. g7 Qa1+ 57. Kf7 Ne5+ 58. Kf8 Nd7+ 59. Ke7 Qf6+ 60. Kxd7 Qf7+ 61. Kd6 Qg6 62. Ke5 Qe4+ 63. Kf6 Qf3+ 64. Kg6 Qg4+ 65. Ng5 Qc4 66. a5 Kf4 67. Kf6 1-0


[Site "https://www.chess.com"]

[Event "Titled Tuesday Blitz April 25 Early 2023"]
[White "Quesada Perez, Yuniesky"]
[Black "Bartel, Michal"]
[WhiteFideId "3504409"]
[BlackFideId "1119257"]
[WhiteElo "2585"]
[BlackElo "2282"]
[Result "1-0"]
[Round "03"]
[TimeControl "180+2"]
[Date "2023.04.25"]
[WhiteClock "0:00:16"]
[BlackClock "0:01:54"]

1. e4 e5 2. Nf3 Nc6 3. Bb5 g6 4. d4 exd4 5. Bg5 Be7 6. Bxe7 Qxe7 7. Bxc6 dxc6 8. Qxd4 Nf6 9. Nc3 Bg4 10. Nd2 c5 11. Qe3 O-O-O 12. f3 Be6 13. O-O-O b6 14. Rhe1 h5 15. h3 Nd7 16. f4 Rhe8 17. Nf3 Nb8 18. Ne5 Rxd1+ 19. Rxd1 Rd8 20. Rxd8+ Qxd8 21. g4 hxg4 22. hxg4 Qd4 23. Qxd4 cxd4 24. Nb5 c5 25. f5 gxf5 26. gxf5 Bd7 27. Nd6+ Kc7 28. Ndxf7 Bb5 29. f6 c4 30. Ng5 Be8 31. Nxc4 Nc6 32. f7 Bxf7 33. Nxf7 b5 34. Nce5 Nb4 35. a3 Na6 36. Nf3 Kd7 37. Nxd4 Nc7 38. Ne5+ Kd6 39. Nd3 a5 40. Kd2 b4 41. axb4 axb4 42. Nxb4 Kc5 43. c3 Kc4 44. Nd3 Ne6 45. Nxe6 Kb3 46. e5 Kc4 47. Nef4 Kb5 48. e6 Kc6 49. Ng6 Kd6 50. e7 Kd7 51. Ndf4 Ke8 52. Nh5 Kf7 53. Nf6 Kg7 54. e8=Q Kh6 55. Ne5 Kg5 56. Qg6+ Kf4 57. Qe4+ Kg5 58. Nd5 Kh6 59. Qg6# 1-0


[Site "https://www.chess.com"]

[Event "Titled Tuesday Blitz April 25 Early 2023"]
[White "Guerrero Olmos, Sergio"]
[Black "Donchenko, Alexander"]
[WhiteFideId "2257238"]
[BlackFideId "24603295"]
[WhiteElo "2266"]
[BlackElo "2542"]
[Result "0-1"]
[Round "03"]
[TimeControl "180+2"]
[Date "2023.04.25"]
[WhiteClock "0:00:27"]
[BlackClock "0:01:04"]

1. d4 Nf6 2. Nf3 d5 3. Bf4 e6 4. e3 Bd6 5. Bg3 O-O 6. Nbd2 b6 7. Ne5 c5 8. c3 Qc7 9. Bd3 Ba6 10. Bc2 Nc6 11. f4 Rac8 12. Bh4 Be7 13. Bxf6 Bxf6 14. Ndf3 b5 15. h4 h6 16. Ng5 b4 17. Nh7 Bxe5 18. fxe5 bxc3 19. Nxf8 cxb2 20. Rb1 cxd4 21. Nh7 Qxe5 22. Rh3 dxe3 23. Bd3 Qc3+ 24. Ke2 Nd4+ 25. Kxe3 Bxd3 26. Qxd3 Qc1+ 27. Kxd4 Qf4+ 28. Qe4 Qxe4# 0-1


[Site "https://www.chess.com"]

[Event "Titled Tuesday Blitz April 25 Early 2023"]
[White "Galchenko, Matvey"]
[Black "Yaniuk, Volodymyr"]
[WhiteFideId "24175480"]
[BlackFideId "14133083"]
[WhiteElo "2423"]
[BlackElo "2141"]
[Result "1-0"]
[Round "03"]
[TimeControl "180+2"]
[Date "2023.04.25"]
[WhiteClock "0:00:17"]
[BlackClock "0:00:12"]

1. f4 d5 2. Nf3 c5 3. g3 Nc6 4. Bg2 g6 5. O-O Bg7 6. d3 Bg4 7. Nc3 Bxf3 8. Bxf3 e6 9. e4 Nge7 10. Bg2 O-O 11. Qe2 Nd4 12. Qf2 b6 13. e5 h5 14. Nd1 Qd7 15. c3 Ndc6 16. Qe2 Nf5 17. Nf2 f6 18. exf6 Bxf6 19. Bd2 e5 20. Rae1 Rae8 21. Qf3 Rd8 22. a3 exf4 23. Bxf4 Nce7 24. Nh3 d4 25. Qe4 dxc3 26. bxc3 Qxd3 27. Qe6+ Kg7 28. Be5 Bxe5 29. Qxe5+ Rf6 30. Ng5 Rd6 31. Be4 Qb5 32. Bb1 Qd7 33. Ne4 Re6 34. Nxf6 Rxf6 35. h3 Kf7 36. g4 hxg4 37. hxg4 Re6 38. Qxe6+ Qxe6 39. Rxe6 Kxe6 40. gxf5+ gxf5 41. Re1+ Kd6 42. Kf2 Nd5 43. c4 Ne7 44. Kf3 a6 45. Kf4 b5 46. Bd3 b4 47. Rb1 a5 48. a4 Nc6 49. Bxf5 Ne5 50. Rd1+ Kc6 51. Kxe5 b3 52. Rd6+ Kb7 53. Kd5 b2 54. Bb1 Ka7 55. Kxc5 Kb7 56. Rb6+ Ka7 57. Kc6 Ka8 58. Kc7 Ka7 59. Rc6 Ka8 60. Ra6# 1-0


[Site "https://www.chess.com"]

[Event "Titled Tuesday Blitz April 25 Early 2023"]
[White "Kravtsiv, Martyn"]
[Black "Reprintsev, Alexander"]
[WhiteFideId "14113147"]
[BlackFideId "14100541"]
[WhiteElo "2695"]
[BlackElo "2211"]
[Result "1-0"]
[Round "03"]
[TimeControl "180+2"]
[Date "2023.04.25"]
[WhiteClock "0:01:22"]
[BlackClock "0:00:59"]

1. e4 e5 2. Nf3 Nc6 3. Nc3 Bc5 4. Nxe5 Nxe5 5. d4 Bd6 6. dxe5 Bxe5 7. Bd3 Nf6 8. O-O d6 9. Ne2 d5 10. f4 Bd6 11. e5 Bc5+ 12. Kh1 Ne4 13. Bxe4 dxe4 14. Qxd8+ Kxd8 15. Ng3 e3 16. Re1 Ke7 17. Bxe3 Bxe3 18. Rxe3 Rd8 19. Rae1 g6 20. Kg1 a5 21. Kf2 a4 22. Rd3 Rxd3 23. cxd3 a3 24. b3 Ra5 25. Rc1 c5 26. d4 Be6 27. dxc5 Bd5 28. Ne2 Kd7 29. Nd4 Kc7 30. g3 h5 31. Ke3 b6 32. cxb6+ Kxb6 33. Rc3 Ra7 34. Nc2 Be6 35. Rd3 Bf5 36. Rd6+ Kc5 37. Kd2 h4 38. Nd4 Bb1 39. Kc3 Rb7 40. b4+ Rxb4 41. Rc6+ Kd5 42. Kxb4 Bxa2 43. Rd6+ 1-0


[Site "https://www.chess.com"]

[Event "Titled Tuesday Blitz April 25 Early 2023"]
[White "Bagrationi, Alexander"]
[Black "Harsha Bharathakoti"]
[WhiteFideId "14104954"]
[BlackFideId "5078776"]
[WhiteElo "2398"]
[BlackElo "2504"]
[Result "0-1"]
[Round "03"]
[TimeControl "180+2"]
[Date "2023.04.25"]
[WhiteClock "0:00:03"]
[BlackClock "0:00:27"]

1. e4 g6 2. d4 Bg7 3. Nc3 d6 4. f4 a6 5. a4 Nf6 6. Nf3 c5 7. dxc5 Qa5 8. Bd3 Qxc5 9. Qe2 Bg4 10. h3 Bxf3 11. Qxf3 Nc6 12. Be3 Qa5 13. O-O O-O 14. Qf2 Nd7 15. Nd5 e6 16. Nb6 Nxb6 17. Bxb6 Qxb6 18. Qxb6 Bd4+ 19. Qxd4 Nxd4 20. c3 Nb3 21. Ra3 Nc5 22. Bc2 Rac8 23. Kf2 Rfd8 24. Ke3 Kf8 25. Rd1 Ke7 26. b4 Nd7 27. g4 h6 28. Rd3 g5 29. f5 Ne5 30. Rd4 Nc4+ 31. Rxc4 Rxc4 32. Bd3 Rc7 33. c4 Kf6 34. Kd4 exf5 35. exf5 Re8 36. Be4 Rxe4+ 37. Kxe4 Rxc4+ 38. Kd5 Rxb4 39. Kxd6 a5 40. Kc7 h5 41. gxh5 Kxf5 42. h6 Kg6 43. Rf3 Rxa4 44. h7 Rh4 45. Kxb7 Rxh7 46. Kb6 a4 47. Kb5 Rh4 48. Rg3 f5 49. Ra3 Re4 50. Kc5 g4 51. hxg4 fxg4 52. Kd5 Rb4 53. Ke5 Kg5 54. Ra2 g3 55. Rc2 Kg4 56. Rc8 a3 57. Rg8+ Kf3 58. Ra8 Rb3 59. Rf8+ Ke2 60. Kd4 a2 61. Ra8 Rb2 62. Ra3 g2 63. Re3+ Kf2 64. Re1 Kxe1 0-1


[Site "https://www.chess.com"]

[Event "Titled Tuesday Blitz April 25 Early 2023"]
[White "Janik, Igor"]
[Black "Dixit, Nikhil"]
[WhiteFideId "1159259"]
[BlackFideId "5059534"]
[WhiteElo "2484"]
[BlackElo "2207"]
[Result "1-0"]
[Round "03"]
[TimeControl "180+2"]
[Date "2023.04.25"]
[WhiteClock "0:00:22"]
[BlackClock "0:00:20"]

1. b3 Nf6 2. Bb2 d6 3. d4 g6 4. Nf3 Bg7 5. g3 c5 6. dxc5 Qa5+ 7. Nbd2 Qxc5 8. Bd4 Qc7 9. Bg2 Nc6 10. Bb2 O-O 11. O-O e5 12. c4 d5 13. cxd5 Nxd5 14. Rc1 Rd8 15. Qc2 Bf5 16. e4 Ndb4 17. Qc4 Nxa2 18. exf5 Nxc1 19. Rxc1 Bh6 20. Bxe5 Qd7 21. Bf4 Bxf4 22. Qxf4 Qxf5 23. Qxf5 gxf5 24. Nc4 Rd3 25. Rb1 Rad8 26. Ne3 Nb4 27. Ne5 Rd2 28. Bxb7 f4 29. gxf4 Nc2 30. Nxc2 Rxc2 31. Be4 Ra2 32. Kg2 Rdd2 33. Nd3 a5 34. Kf3 a4 35. bxa4 Rxa4 36. Ke3 Rda2 37. Rg1+ Kh8 38. Ne5 Ra7 39. Bd5 R2a3+ 40. Ke4 R3a4+ 41. Kf5 h6 42. Bxf7 Kh7 43. Bg8+ Kh8 44. Nf7+ Rxf7+ 45. Bxf7 Ra5+ 46. Kf6 Ra6+ 47. Be6 Ra7 48. f5 h5 49. Rg6 Kh7 50. Kg5 h4 51. Rh6+ Kg7 52. f6+ Kf8 53. Rh8# 1-0


[Site "https://www.chess.com"]

[Event "Titled Tuesday Blitz April 25 Early 2023"]
[White "Gurevich, Dmitry"]
[Black "Narayanan, Srinath"]
[WhiteFideId "2000407"]
[BlackFideId "5018420"]
[WhiteElo "2506"]
[BlackElo "2438"]
[Result "0-1"]
[Round "03"]
[TimeControl "180+2"]
[Date "2023.04.25"]
[WhiteClock "0:00:39"]
[BlackClock "0:00:45"]

1. d4 f5 2. Nf3 Nf6 3. Bg5 Ne4 4. h4 g6 5. e3 Bg7 6. Nbd2 Nxg5 7. hxg5 d6 8. Bc4 e5 9. dxe5 dxe5 10. c3 e4 11. Nd4 Qxg5 12. Qb3 Qe7 13. O-O-O Nd7 14. Ne6 Ne5 15. Nxg7+ Qxg7 16. f4 Ng4 17. Qb5+ c6 18. Qc5 Nf2 19. Qd6 Qe7 20. Qd4 Rf8 21. Nb3 Nxh1 22. Rxh1 b6 23. Rd1 Bd7 24. Ba6 Rd8 25. Qa4 c5 26. Bb5 Bxb5 27. Qxb5+ Kf7 28. Nd2 Kg7 29. Rh1 Qd7 30. Nc4 Qxb5 0-1


[Site "https://www.chess.com"]

[Event "Titled Tuesday Blitz April 25 Early 2023"]
[White "feuervogel1000000"]
[Black "Mekhitarian, Krikor Sevag"]
[BlackFideId "2107660"]
[WhiteElo "2411"]
[BlackElo "2604"]
[Result "1-0"]
[Round "03"]
[TimeControl "180+2"]
[Date "2023.04.25"]
[WhiteClock "0:00:06"]
[BlackClock "0:00:12"]

1. d4 Nf6 2. c4 g6 3. Nc3 d5 4. cxd5 Nxd5 5. e4 Nxc3 6. bxc3 Bg7 7. Bc4 c5 8. Ne2 O-O 9. O-O Nc6 10. Be3 Bg4 11. f3 Bd7 12. Rb1 Qc7 13. Bd3 Rad8 14. h4 Na5 15. h5 e5 16. d5 c4 17. Bc2 b6 18. hxg6 hxg6 19. Qe1 Nb7 20. Qh4 f6 21. f4 Rde8 22. Qg3 Kf7 23. fxe5 Rxe5 24. Bd4 Rfe8 25. Nf4 g5 26. Nh5 Kg6 27. Nf4+ Kf7 28. Ne6 Bxe6 29. Bxe5 Qe7 30. dxe6+ Qxe6 31. Bd4 Kg8 32. Rbe1 Nd6 33. e5 fxe5 34. Qxg5 Qe7 35. Qg6 Qe6 36. Qh7# 1-0


[Site "https://www.chess.com"]

[Event "Titled Tuesday Blitz April 25 Early 2023"]
[White "Pultinevicius, Paulius"]
[Black "mestrefeitosa19"]
[WhiteFideId "12809390"]
[WhiteElo "2529"]
[BlackElo "2228"]
[Result "1-0"]
[Round "03"]
[TimeControl "180+2"]
[Date "2023.04.25"]
[WhiteClock "0:00:06"]
[BlackClock "0:00:28"]

1. d4 d5 2. c4 e6 3. Nc3 Nf6 4. Nf3 Be7 5. Bg5 O-O 6. e3 b6 7. Be2 Bb7 8. Bxf6 Bxf6 9. cxd5 exd5 10. b4 c5 11. bxc5 bxc5 12. Rb1 cxd4 13. Nxd4 Qc8 14. Qd2 Nc6 15. Nxd5 Bxd4 16. exd4 Qd7 17. Bf3 Ba6 18. Ne3 Rab8 19. Rd1 Nb4 20. Be2 Bxe2 21. Qxe2 Rfe8 22. O-O Nd5 23. Qf3 Nc3 24. Rd2 Ne4 25. Rd3 Rb2 26. Qf4 Rxa2 27. h4 a5 28. d5 Ra4 29. Qf3 Rb4 30. Re1 a4 31. d6 Rb3 32. Rdd1 a3 33. Qf5 Rd8 34. Qxe4 a2 35. Nf5 h6 36. Qe5 f6 37. Ne7+ Kh8 38. Ng6+ Kh7 39. Qe4 f5 40. Qd5 Rb5 41. Qxa2 Kxg6 42. Re7 Qc6 43. Qf7+ Kh7 44. Qxg7# 1-0


[Site "https://www.chess.com"]

[Event "Titled Tuesday Blitz April 25 Early 2023"]
[White "Tang, Andrew"]
[Black "Nouri, Alekhine"]
[WhiteFideId "2059630"]
[BlackFideId "5216184"]
[WhiteElo "2596"]
[BlackElo "2151"]
[Result "1-0"]
[Round "03"]
[TimeControl "180+2"]
[Date "2023.04.25"]
[WhiteClock "0:00:07"]
[BlackClock "0:00:05"]

1. d4 Nf6 2. c4 c5 3. d5 e6 4. Nc3 exd5 5. cxd5 d6 6. e4 g6 7. Nge2 Bg7 8. Ng3 O-O 9. Be2 Re8 10. O-O a6 11. a4 h5 12. Bg5 Nbd7 13. Qd2 Qb6 14. h3 Qb4 15. a5 Qd4 16. Qc2 b5 17. axb6 Qb4 18. Nb5 Nxe4 19. Nxe4 Qxe4 20. Bd3 Qxd5 21. Nc7 Qxg5 22. Nxe8 Bb7 23. f4 Bd4+ 24. Kh2 Qd8 25. Rae1 Qxb6 26. Bxg6 Qxb2 27. Bxf7+ Kxf7 28. Qh7+ Kf8 29. Qh6+ Kf7 30. Qxh5+ Kf8 31. Qh6+ Kf7 32. Nxd6+ Kg8 33. Qg6+ Bg7 34. Re7 Nf8 35. Qf7+ Kh7 36. Qh5+ Kg8 37. Qg4 Bd5 38. Nf5 Qxg2+ 39. Qxg2 Bxg2 40. Rxg7+ Kh8 41. Rxg2 a5 42. Rfg1 Ne6 43. Rg4 1-0


[Site "https://www.chess.com"]

[Event "Titled Tuesday Blitz April 25 Early 2023"]
[White "Aaditya Dhingra"]
[Black "Steinberg, Nitzan"]
[WhiteFideId "25678191"]
[BlackFideId "2801795"]
[WhiteElo "2083"]
[BlackElo "2486"]
[Result "1-0"]
[Round "03"]
[TimeControl "180+2"]
[Date "2023.04.25"]
[WhiteClock "0:00:17"]
[BlackClock "0:00:16"]

1. e4 c5 2. Nf3 e6 3. d4 cxd4 4. Nxd4 Nc6 5. Nc3 Qc7 6. Be3 a6 7. Be2 Nf6 8. O-O Be7 9. f4 d6 10. Kh1 O-O 11. a4 Nb4 12. Bf3 Re8 13. a5 Bd7 14. g4 h6 15. Bg2 Nh7 16. Qd2 Nf8 17. Nce2 Nc6 18. Ng3 Nxd4 19. Bxd4 Rac8 20. Bc3 e5 21. Nf5 Ng6 22. Nxe7+ Nxe7 23. f5 f6 24. Rad1 Bb5 25. Rfe1 Red8 26. h4 Kf7 27. Kh2 Bc6 28. Bb4 d5 29. Bxe7 Kxe7 30. exd5 Be8 31. Qb4+ Rd6 32. Rc1 h5 33. g5 Bd7 34. c4 b6 35. axb6 Qxb6 36. Qa3 Qc5 37. Qxc5 Rxc5 38. b4 Rc8 39. c5 Rxd5 40. Bxd5 Bxf5 41. gxf6+ gxf6 42. Be4 Be6 43. Ra1 f5 44. Bb7 Rb8 45. Rxe5 Rxb7 46. Rxa6 Rxb4 47. Raxe6+ Kd7 48. Rd6+ Kc7 49. Re7+ Kc8 50. Rh6 Rxh4+ 51. Kg3 Rg4+ 52. Kf3 Rg8 53. Rxh5 f4 54. Kxf4 1-0


[Site "https://www.chess.com"]

[Event "Titled Tuesday Blitz April 25 Early 2023"]
[White "Borgaonkar Akshay"]
[Black "Gukesh D"]
[WhiteFideId "25639110"]
[BlackFideId "46616543"]
[WhiteElo "2063"]
[BlackElo "2612"]
[Result "0-1"]
[Round "03"]
[TimeControl "180+2"]
[Date "2023.04.25"]
[WhiteClock "0:00:02"]
[BlackClock "0:00:44"]

1. e4 c5 2. Nf3 Nc6 3. b4 cxb4 4. d4 d6 5. a3 Nf6 6. Bd3 e6 7. Bd2 d5 8. e5 Ne4 9. axb4 Nxb4 10. O-O Nxd3 11. cxd3 Nxd2 12. Nfxd2 Be7 13. f4 O-O 14. Nc3 Bd7 15. Rf3 g6 16. g4 f5 17. gxf5 Rxf5 18. Nf1 b5 19. Ng3 Rf7 20. Kh1 b4 21. Nce2 a5 22. Qd2 a4 23. f5 exf5 24. Nf4 Qb6 25. Nge2 a3 26. Nxd5 Qb7 27. Nef4 Bc6 28. e6 Rg7 29. Nxe7+ Rxe7 30. d5 Bxd5 31. Nxd5 Qxd5 32. Kg2 Rxe6 33. Qxb4 Re2+ 34. Kg3 Qe5+ 35. Rf4 Qe3+ 36. Kh4 Rxh2+ 37. Kg5 Qe6 38. Rh4 Rg2+ 39. Kh6 g5+ 40. Kh5 Qg6# 0-1


[Site "https://www.chess.com"]

[Event "Titled Tuesday Blitz April 25 Early 2023"]
[White "Tari, Aryan"]
[Black "Souleidis, Georgios"]
[WhiteFideId "1510045"]
[BlackFideId "4206827"]
[WhiteElo "2561"]
[BlackElo "2401"]
[Result "1-0"]
[Round "03"]
[TimeControl "180+2"]
[Date "2023.04.25"]
[WhiteClock "0:00:03"]
[BlackClock "0:00:06"]

1. e4 c5 2. Nf3 e6 3. a3 d5 4. exd5 exd5 5. d4 Nf6 6. Nc3 Be7 7. Bb5+ Bd7 8. Bxd7+ Nbxd7 9. O-O O-O 10. Bg5 c4 11. Ne5 h6 12. Bh4 Re8 13. Qf3 Nxe5 14. dxe5 Ne4 15. Bxe7 Qxe7 16. Nxe4 dxe4 17. Qxe4 Qxe5 18. Qxe5 Rxe5 19. Rfe1 Rae8 20. Rxe5 Rxe5 21. Kf1 Rb5 22. Rb1 Rd5 23. Ke2 Re5+ 24. Kd2 Rf5 25. f3 Rg5 26. g4 h5 27. h4 Rg6 28. g5 Re6 29. b3 cxb3 30. cxb3 Rd6+ 31. Ke3 Rc6 32. Kd3 Rd6+ 33. Ke4 Re6+ 34. Kf4 Rc6 35. Re1 Kh7 36. Re7 Rb6 37. b4 Kg6 38. Ke4 a5 39. bxa5 Rb3 40. f4 f5+ 41. Kd4 Rxa3 42. Rxb7 Ra4+ 43. Ke5 Rxa5+ 44. Ke6 Ra4 45. Rb6 Re4+ 46. Kd5+ Kf7 47. Rb7+ Kg6 48. Rb6+ Kf7 49. g6+ Ke7 50. Ra6 Ke8 51. Ra7 Kf8 52. Rf7+ Kg8 53. Rxf5 Re1 54. Re5 Rf1 55. Re8# 1-0


[Site "https://www.chess.com"]

[Event "Titled Tuesday Blitz April 25 Early 2023"]
[White "Timofeev, Artyom"]
[Black "Kim, Sergey"]
[WhiteFideId "4140419"]
[BlackFideId "13700570"]
[WhiteElo "2586"]
[BlackElo "2627"]
[Result "1-0"]
[Round "03"]
[TimeControl "180+2"]
[Date "2023.04.25"]
[WhiteClock "0:00:34"]
[BlackClock "0:00:22"]

1. c4 Nf6 2. Nc3 g6 3. g3 d6 4. Bg2 Bg7 5. Nf3 O-O 6. O-O e5 7. d3 Re8 8. Rb1 c6 9. e4 a5 10. h3 Na6 11. Be3 d5 12. cxd5 cxd5 13. Bg5 dxe4 14. Nxe4 Re6 15. d4 exd4 16. Nxd4 Re8 17. Qf3 Qxd4 18. Nxf6+ Bxf6 19. Bxf6 Qc4 20. Rbc1 Qb5 21. g4 Nc5 22. Qf4 Nd7 23. Bc3 Qc5 24. Rcd1 Qe7 25. Rfe1 Qf8 26. Qd4 f6 27. g5 Ra6 28. Qc4+ Kg7 29. Rxe8 Qxe8 30. Qc7 a4 31. gxf6+ Rxf6 32. Bxf6+ Kxf6 33. Rc1 1-0


[Site "https://www.chess.com"]

[Event "Titled Tuesday Blitz April 25 Early 2023"]
[White "Salinas Herrera, Pablo"]
[Black "Mamedov, Edgar"]
[WhiteFideId "3407128"]
[BlackFideId "13739980"]
[WhiteElo "2546"]
[BlackElo "2330"]
[Result "0-1"]
[Round "03"]
[TimeControl "180+2"]
[Date "2023.04.25"]
[WhiteClock "0:00:02"]
[BlackClock "0:00:04"]

1. d4 d5 2. Bf4 Nf6 3. e3 e6 4. Nf3 Bd6 5. Nbd2 O-O 6. Bd3 b6 7. Ne5 c5 8. c3 Qc7 9. h4 Nbd7 10. Ndf3 Ne4 11. h5 Ndf6 12. h6 g6 13. Qe2 Bb7 14. Rd1 Ne8 15. Ba6 f6 16. Bxb7 Qxb7 17. Nd3 c4 18. Nc1 b5 19. Nd2 Nxd2 20. Qxd2 b4 21. Ne2 a5 22. O-O Bxf4 23. Nxf4 Nc7 24. Rfe1 Rab8 25. e4 dxe4 26. Qe2 f5 27. Qxc4 Rfc8 28. Nxe6 Qd5 29. Qxd5 Nxd5 30. cxb4 Rxb4 31. Rd2 Rc6 32. Nc5 Kf7 33. b3 Rb8 34. Kf1 Rbc8 35. g3 Rd8 36. Kg2 Rdc8 37. Ree2 Nc3 38. Re3 Nd5 39. Re1 Rd8 40. f3 e3 41. Rc2 g5 42. Rec1 f4 43. gxf4 gxf4 44. Nd3 Rg8+ 45. Kf1 Rxc2 46. Rxc2 Rg3 47. Ke1 Rg1+ 48. Ke2 Rg2+ 49. Kd1 Rg1+ 50. Ke2 Rg2+ 51. Kd1 Rxc2 52. Kxc2 Nb4+ 53. Nxb4 axb4 54. Kd3 Ke6 0-1


[Site "https://www.chess.com"]

[Event "Titled Tuesday Blitz April 25 Early 2023"]
[White "Hambleton, Aman"]
[Black "polandchessplayer"]
[WhiteFideId "2606577"]
[WhiteElo "2511"]
[BlackElo "2607"]
[Result "0-1"]
[Round "03"]
[TimeControl "180+2"]
[Date "2023.04.25"]
[WhiteClock "0:00:01"]
[BlackClock "0:02:07"]

1. d4 Nf6 2. Bf4 d6 3. e3 g6 4. h3 Bg7 5. Nf3 O-O 6. c3 c5 7. dxc5 dxc5 8. Qxd8 Rxd8 9. Bc7 Re8 10. Nbd2 Nc6 11. Bh2 b6 12. Bb5 Bb7 13. Ne5 Nxe5 14. Bxe5 Red8 15. Bxf6 Bxf6 16. Rg1 a6 17. Be2 b5 18. Bf3 Rab8 19. Bxb7 Rxb7 20. Ke2 b4 21. cxb4 Rxb4 22. Rab1 Bxb2 23. Nb3 Ba3 24. Rgd1 Rdb8 25. Rd2 c4 26. Rc2 cxb3 27. axb3 Rxb3 28. Ra1 Bd6 29. Rxa6 Rb2 30. Rc6 Rxc2+ 31. Rxc2 Rb1 32. Kf3 h5 33. g4 h4 34. Kg2 Kg7 35. Kf3 Rh1 36. Kg2 Rh2+ 37. Kg1 Rxh3 38. Rc4 Rf3 39. g5 Rf5 40. Rg4 e5 41. Kg2 Be7 42. f4 exf4 43. exf4 Bd6 44. Kf3 h3 45. Rh4 h2 46. Rxh2 Rxf4+ 47. Kg2 Rg4+ 48. Kh3 Bxh2 49. Kxg4 Bd6 0-1


[Site "https://www.chess.com"]

[Event "Titled Tuesday Blitz April 25 Early 2023"]
[White "Schnaider, Ilan"]
[Black "Kushko, Dmitriy"]
[WhiteFideId "169013"]
[BlackFideId "14162261"]
[WhiteElo "2224"]
[BlackElo "2230"]
[Result "0-1"]
[Round "03"]
[TimeControl "180+2"]
[Date "2023.04.25"]
[WhiteClock "0:00:05"]
[BlackClock "0:00:12"]

1. d4 g6 2. c4 Bg7 3. g3 d6 4. Bg2 Nf6 5. Nc3 O-O 6. Nf3 Nc6 7. O-O e5 8. dxe5 dxe5 9. Bg5 h6 10. Bxf6 Qxf6 11. Nd5 Qd6 12. Nd2 f5 13. Nb3 e4 14. Qc2 Nb4 15. Qd2 Nxd5 16. cxd5 Bd7 17. Rac1 Rad8 18. Rfd1 Rf7 19. Na5 Bc8 20. Nc4 Qa6 21. Qb4 Rfd7 22. Qb3 Kh7 23. Ne3 h5 24. Rd2 c6 25. Rcd1 Qb6 26. Qc2 Bh6 27. Nc4 Qc5 28. b4 Qxb4 29. Rd4 Qc5 30. d6 Bg7 31. R4d2 b5 32. Ne3 Qxc2 33. Nxc2 Be5 34. Nb4 Bb7 35. f3 c5 36. Nc2 Rxd6 37. Rxd6 Rxd6 38. Rc1 e3 39. Nxe3 Bd4 40. Kf2 Re6 41. Rc3 Bxc3 42. g4 Bd4 43. gxf5 Bxe3+ 44. Kg3 gxf5 45. Bh3 f4+ 46. Kh4 Rf6 47. Kg5 Kg7 48. Kxh5 c4 0-1


[Site "https://www.chess.com"]

[Event "Titled Tuesday Blitz April 25 Early 2023"]
[White "Gunina, Valentina"]
[Black "Ferenc83"]
[WhiteFideId "4167570"]
[WhiteElo "2352"]
[BlackElo "2571"]
[Result "0-1"]
[Round "03"]
[TimeControl "180+2"]
[Date "2023.04.25"]
[WhiteClock "0:00:01"]
[BlackClock "0:00:09"]

1. d4 Nf6 2. c4 g6 3. Nc3 Bg7 4. e4 d6 5. Nf3 O-O 6. Be2 Nbd7 7. O-O e5 8. Be3 Qe7 9. Qc2 Re8 10. Rfe1 exd4 11. Nxd4 c6 12. f3 a5 13. Rad1 Nc5 14. Bf1 a4 15. g3 Nfd7 16. Bf2 Ne5 17. h3 g5 18. Qd2 Qf6 19. Qe3 h5 20. g4 hxg4 21. hxg4 Ng6 22. Bg3 Nf4 23. Nce2 Nxe2+ 24. Bxe2 Ne6 25. Nf5 Qxb2 26. Nxg7 Qxg7 27. Bxd6 Qf6 28. Bf1 Nf4 29. Rd2 Be6 30. c5 a3 31. Rh2 Qg6 32. Bxf4 gxf4 33. Qxf4 Kg7 34. Qe5+ f6 35. Qc7+ Qf7 36. Qxf7+ Bxf7 37. Rb1 Re7 38. Rc2 Ra5 39. Kf2 Kf8 40. Ke3 Re5 41. Rbc1 Ke7 42. Bd3 Rg5 43. Rb1 Ra7 44. Rc3 Kd7 45. Ra1 Kc7 46. Be2 Ra5 47. Kd4 Ra4+ 48. Bc4 Rg8 0-1


[Site "https://www.chess.com"]

[Event "Titled Tuesday Blitz April 25 Early 2023"]
[White "Sieciechowicz, Marcin"]
[Black "Safin, Robert"]
[WhiteFideId "1130170"]
[BlackFideId "34189120"]
[WhiteElo "2302"]
[BlackElo "2245"]
[Result "1-0"]
[Round "03"]
[TimeControl "180+2"]
[Date "2023.04.25"]
[WhiteClock "0:00:11"]
[BlackClock "0:00:02"]

1. d4 Nf6 2. Bf4 d5 3. e3 c5 4. c3 Qb6 5. Qb3 c4 6. Qc2 g6 7. b3 Bf5 8. Qb2 Nc6 9. Nd2 Bg7 10. Ngf3 O-O 11. Be2 Nd7 12. Nh4 Be6 13. Rb1 f6 14. bxc4 Qxb2 15. Rxb2 g5 16. e4 dxe4 17. d5 gxf4 18. Nxe4 f5 19. Nd2 Bxc3 20. Rc2 Bf6 21. dxc6 bxc6 22. Nhf3 Nc5 23. O-O Rab8 24. Re1 Rfd8 25. Bf1 Bf7 26. g3 fxg3 27. hxg3 Nd3 28. Bxd3 Rxd3 29. Kg2 Rbd8 30. Nb3 Rd1 31. Re3 R1d3 32. Ree2 h5 33. Ne5 Bxe5 34. Rxe5 Kf8 35. Rxf5 Ke8 36. Ra5 Rd1 37. Rxa7 Re1 38. Na5 Re4 39. Nxc6 Bxc4 40. Nxd8 Kxd8 41. Rd2+ Bd5 42. Rxd5+ 1-0


[Site "https://www.chess.com"]